 Dungeon Crawl Stone Soup version 0.29.0-4-gdea44cf6ec (webtiles) character file.

Game seed: 796760097141626277

25 qw the Chopper (level 3, -3/21 HPs)
             Began as a Tengu Warper on Aug 28, 2022.
             Slain by a goblin
             ... wielding a +0 club
             ... led by Robin
              (6 damage)
             ... on level 2 of the Dungeon.
             The game lasted 00:00:07 (1297 turns).

qw the Chopper (Tengu Warper)                       Turns: 1297, Time: 00:00:07

Health: -3/21      AC:  3    Str: 13    XL:     3   Next: 6%
Magic:  7/7        EV: 12    Int: 13    God:
Gold:   62         SH:  0    Dex: 13    Spells: 6/6 levels left

rFire   . . .      SeeInvis .   Y - +0 hand axe (venom)
rCold   + . .      Faith    .   (no shield)
rNeg    . . .      Spirit   .   b - +0 leather armour
rPois   .          Reflect  .   (helmet restricted)
rElec   .          Harm     .   (no cloak)
rCorr   .          Rampage  .   (no gloves)
Will    .....                   (boots unavailable)
Stlth   +.........              (no amulet)
HPRegen 0.07/turn               k - ring of protection from cold
MPRegen 0.10/turn               (no ring)

@: no status effects
A: beak, talons 3
a: no special abilities


You were on level 2 of the Dungeon.
You visited 1 branch of the dungeon, and saw 2 of its levels.

You collected 62 gold pieces.


Innate Abilities, Weirdness & Mutations

You have a beak for a mouth.
You have claws for feet.


   Skills:
 - Level 2.0 Fighting
 + Level 3.8 Axes
 - Level 1.0 Throwing
 - Level 1.1 Armour
 - Level 2.1 Dodging
 - Level 2.0 Spellcasting
 - Level 2.4 Translocations


You had 6 spell levels left.
You didn't know any spells.
Your spell library contained the following spells:

 Spells                   Type           Power      Damage    Failure   Level
 Blink                    Tloc           14%        N/A       19%         2
 Gell's Gravitas          Tloc           7%         N/A       36%         3
 Lesser Beckoning         Tloc           7%         N/A       36%         3
 Teleport Other           Tloc           7%         N/A       36%         3
 Manifold Assault         Tloc           7%         N/A       98%         5

Inventory:

Hand Weapons
 a - a +0 mace
 Y - a +0 hand axe of venom (weapon)
Armour
 b - a +0 leather armour (worn)
Jewellery
 k - a ring of protection from cold (left hand)
Potions
 c - a potion of flight {unknown}
 f - a potion of curing {unknown}
 g - a potion of heal wounds {unknown}
 m - a potion of degeneration {unknown}

Dungeon Overview and Level Annotations

Branches:
Dungeon (2/15)

Altars:

Annotations:
D:2 Robin


Message History

You hear a shout! x2
The goblin shouts!
A goblin comes into view. It is wielding a +0 club.
The goblin shouts!
You hear a shout! x2
A hobgoblin comes into view. x2
A goblin comes into view. It is wielding a +0 dagger.
A hobgoblin comes into view.
Found two stone staircases leading up.
The goblin shouts!
The hobgoblin shouts!
You hear a shout!
A goblin comes into view. It is wielding a +0 dagger.
Robin throws the goblin at you!
The hobgoblin shouts!
You see here a dark potion.
Enter note:
Enter note: You barely miss Robin.
The kobold shouts!
You peck Robin.
Robin is lightly wounded.
You closely miss the goblin.
Robin hits you with a +1 mace of protection.
The goblin misses you.
The kobold throws a stone.
The stone hits you.
You hit Robin but do no damage.
Robin is poisoned.
Robin is lightly wounded.
You barely miss the goblin. The goblin hits you with a +0 dagger.
The kobold throws a stone.
The stone hits you. Robin throws the goblin at you!
You barely miss Robin. You claw Robin.
Robin is heavily wounded.
You barely miss the hobgoblin. You barely miss the goblin. You miss the goblin.
The hobgoblin hits you but does no damage.
The goblin hits you with a +0 club. The goblin hits you but does no damage.
The kobold throws a stone.
The stone closely misses you.
Robin hits you with a +1 mace of protection.
You hit Robin but do no damage.
Robin looks even sicker.
Robin is severely wounded.
You closely miss the goblin. You hit the goblin.
You hit the hobgoblin but do no damage.
The hobgoblin is poisoned.
The hobgoblin barely misses you. The goblin hits you with a +0 club.
You die...

### #.. .### .. ######
#K# ..###.. ...... ...
..#... ###### #.# ....#
#.# #..#####.
#####.#####.......< #
#......)...........
######.##..###.g@gg#.
%.........###..gg.ggg..<
#...###%####......g.g...
###.##.....#............
# #.##.#.))#............
#.>).#................
#....#...#............
###.##..................
...........###.....


You could see Robin (very poisoned), 5 hobgoblins and 4 goblins.

Vanquished Creatures
  A dart slug (D:1)
  4 endoplasms
  A giant cockroach (D:1)
  4 goblins
  A hobgoblin (D:2)
  4 ball pythons
  2 bats (D:1)
  3 kobolds (D:1)
  A rat (D:2)
21 creatures vanquished.

Notes
Turn   | Place    | Note
-------+----------+-------------------------------------------
     0 | D:1      | qw the Tengu Warper began the quest for the Orb.
     0 | D:1      | Reached XP level 1. HP: 12/12 MP: 4/4
     0 | D:1      | 0 ||| qw: Version: 0.1-a-89-g26bdef1
     0 | D:1      | 0 ||| qw: Game counter: 1812
     0 | D:1      | 0 ||| qw: Always use a shield: true
     0 | D:1      | 0 ||| qw: God list: Okawaru
     0 | D:1      | 0 ||| qw: Allow faded altars: false
     0 | D:1      | 0 ||| qw: Do Orc after D:15 true
     0 | D:1      | 0 ||| qw: Do second Lair branch before Depths: true
     0 | D:1      | 0 ||| qw: Lair rune preference: random
     0 | D:1      | 0 ||| qw: Plans: Normal
     0 | D:1      | 0 ||| PLANNING D:1-11
    47 | D:1      | Found a faded altar of an unknown god.
   298 | D:1      | 298 ||| Stepping ~*~*~tactically~*~*~ (hiding).
   400 | D:1      | 400 ||| Stepping ~*~*~tactically~*~*~ (hiding).
   401 | D:1      | 401 ||| Stepping ~*~*~tactically~*~*~ (hiding).
   558 | D:1      | Reached XP level 2. HP: 17/17 MP: 6/6
   572 | D:1      | Reached skill level 3 in Axes
  1056 | D:1      | 1056 ||| DROPPING amulet of magic regeneration.
  1057 | D:1      | 1057 ||| UPGRADING to ring of protection from cold.
  1058 | D:1      | 1058 ||| READING scroll labelled ZADIS KOWKIWEOM.
  1059 | D:1      | 1059 ||| READING scroll labelled RUXZUSE ACRE.
  1060 | D:1      | 1060 ||| READING 2 scrolls labelled GUXZOA RENOGG.
  1061 | D:1      | 1061 ||| READING scroll labelled DAJAC HOILI.
  1062 | D:1      | 1062 ||| DROPPING scroll of blinking.
  1063 | D:1      | 1063 ||| DROPPING scroll of magic mapping.
  1178 | D:2      | 1178 ||| DROPPING +0 club.
  1188 | D:2      | 1188 ||| Stepping ~*~*~tactically~*~*~ (stealth).
  1194 | D:2      | 1194 ||| Stepping ~*~*~tactically~*~*~ (stealth).
  1216 | D:2      | 1216 ||| FLEEEEING.
  1218 | D:2      | 1218 ||| Stepping ~*~*~tactically~*~*~ (stealth).
  1219 | D:2      | 1219 ||| Stepping ~*~*~tactically~*~*~ (stealth).
  1226 | D:2      | Reached XP level 3. HP: 17/21 MP: 7/7
  1281 | D:2      | 1281 ||| Stepping ~*~*~tactically~*~*~ (stealth).
  1289 | D:2      | 1289 ||| Stepping ~*~*~tactically~*~*~ (stealth).
  1289 | D:2      | Noticed Robin
  1296 | D:2      | HP: 3/21 [Robin/+1 mace of protection (5)]
  1297 | D:2      | Slain by a goblin

Levels and vault maps discovered:
D:1:      grunt_arrival_lava_bath, layout_loops_ring, basic_ecumenical_altar,
          serial_aquarium, aquarium_bridge_straight [aquarium_subvault_bridge,
          aquarium_subvault_wall, aquarium_subvault_bridge,
          aquarium_subvault_wall], aquarium_bridge_square
          [aquarium_subvault_bridge, aquarium_subvault_wall,
          aquarium_subvault_window, aquarium_subvault_wall], aquarium_window_1,
          aquarium_window_corridor_1, aquarium_window_2, aquarium_view_2c,
          aquarium_view_2b, aquarium_pool_2, nicolae_figureground_pulse
D:2:      layout_rooms, uniq_robin

Skill      XL: |  1  2 |
---------------+-------+-----
Axes           | 3 |  3.8
Fighting       | |  2.0
Throwing       | |  1.0
Armour         | |  1.1
Dodging        | |  2.1
Spellcasting   | |  2.0
Translocations | |  2.4

Action                   || total
-------------------------++-------
Melee: Hand axe          ||    42
       Kick              ||    14
       Peck              ||     5
Throw: Boomerang         ||     7
  Use: Scroll            ||     4
Armor: Leather armour    ||    13
Dodge: Dodged            ||    16

Table legend:
 A = Non-vault XP
 B = Vault XP
 C = Vault XP percentage of total XP
 D = Non-vault monster count
 E = Vault monster count
 F = Vault count percentage of total count
                 A         B        C        D         E       F
            +---------+---------+-------+---------+---------+-------
      Total |      31 |       6 |  16.2 |      18 |       3 |  14.3
            +---------+---------+-------+---------+---------+-------
        D:1 |      23 |       0 |   0.0 |      13 |       0 |   0.0
        D:2 |       8 |       6 |  42.9 |       5 |       3 |  37.5
            +---------+---------+-------+---------+---------+-------
